 Dungeon Crawl Stone Soup version 0.30-a0-626-gd6a5dd7a1f (webtiles) character file.

Game seed: 13891084297564188087

156 Leeroy the Slasher (level 5, -6/38 HPs)
             Began as a Merfolk Gladiator on Jan 11, 2023.
             Splashed by a jelly's acid (10 damage)
             ... on level 4 of the Dungeon.
             The game lasted 00:02:53 (3302 turns).

Leeroy the Slasher (Merfolk Gladiator)              Turns: 3302, Time: 00:02:54

Health: -6/38      AC:  3    Str: 14    XL:     5   Next: 38%
Magic:  5/5        EV: 13    Int:  7    God:
Gold:   192        SH:  0    Dex: 18    Spells: 4/4 levels left

rFire   . . .      SeeInvis .    a - +0 long sword
rCold   + . .      Faith    .    (no shield)
rNeg    . . .      Spirit   .    b - +0 leather armour
rPois   .          Reflect  .    c - +0 helmet
rElec   .          Harm     .    f - +0 cloak
rCorr   .          Rampage  .    s - +0 pair of gloves
Will    .....                    x - +0 pair of boots
Stlth   +                        (no amulet)
HPRegen 0.26/turn                p - ring of protection from cold
MPRegen 0.09/turn                (no ring)

@: mighty, corroded
A: (nimble swimmer 2), mertail
a: no special abilities


You were on level 4 of the Dungeon.
You visited 1 branch of the dungeon, and saw 4 of its levels.

You collected 192 gold pieces.

Inventory:

Hand Weapons
 a - a +0 long sword (weapon)
Missiles
 d - 5 throwing nets (quivered)
 e - 6 javelins
 y - 2 curare-tipped darts
Armour
 b - a +0 leather armour (worn)
 c - a +0 helmet (worn)
 f - a +0 cloak (worn)
 s - a +0 pair of gloves (worn)
 x - a +0 pair of boots (worn)
Jewellery
 p - a ring of protection from cold (left hand)
Scrolls
 h - a scroll of fog {unknown}
 i - a scroll of amnesia {unknown}
 j - 3 scrolls of enchant armour {unknown}
 k - 3 scrolls of poison {unknown}
 l - a scroll of identify {unknown}
 o - a scroll of enchant weapon {unknown}
 r - 4 scrolls of immolation {unknown}
 v - a scroll of brand weapon {unknown}
 w - a scroll of magic mapping {unknown}
Potions
 g - a potion of attraction {unknown}
 m - a potion of haste {unknown}
 n - a potion of experience {unknown}
 q - a potion of heal wounds {unknown}
 t - 2 potions of curing {unknown}
 u - 2 potions of might


   Skills:
 - Level 2.1 Fighting
 + Level 7.1 Long Blades
 - Level 2.0 Throwing
 - Level 4.0 Dodging


You had 4 spell levels left.
You didn't know any spells.
Your spell library contained the following spells:

 Spells                   Type           Power      Damage    Failure   Level
 Ensorcelled Hibernation  Hex/Ice        0%         N/A       65%         2
 Passwall                 Tmut/Erth      0%         N/A       65%         2
 Swiftness                Air            0%         N/A       87%         3


Dungeon Overview and Level Annotations

Branches:
Dungeon (4/15)
 Temple: D:4-7

Altars:


Innate Abilities, Weirdness & Mutations

((You are very nimble when in or above water. (Stealth+, EV+, Speed+++)))
Your lower body shifts to a powerful aquatic tail in water.


Message History

Found a plate armour.
You see here a +0 club.
You see here 2 curare-tipped darts.
y - 2 curare-tipped darts You see here a +0 club.
The frilled lizard hisses angrily.
The frilled lizard hisses angrily.
A ball python and a jelly come into view.
The jelly quivers.
There are monsters nearby!
There are monsters nearby!
The ball python hisses angrily.
The jelly closely misses you.
You hit the jelly. The acid corrodes you!
Your hands burn!
The jelly is lightly wounded.
The jelly barely misses you. The jelly attacks as you move away!
The jelly hits you.
You are splashed with acid!
The ball python bites you. The ball python closely misses you.
You slash the ball python!
You kill the ball python!
You hit the jelly.
Your hands burn!
The jelly is moderately wounded.
The jelly hits you but does no damage.
You barely miss the jelly.
The jelly is moderately wounded.
The jelly hits you.
You are splashed with acid!
* * * LOW HITPOINT WARNING * * *
Okay, then.
Okay, then.
It was a potion of might.
You feel very mighty all of a sudden. The jelly hits you but does no damage.
You hit the jelly.
Your hands burn!
* * * LOW HITPOINT WARNING * * *
The jelly is heavily wounded.
The jelly hits you.
* * * LOW HITPOINT WARNING * * *
You are splashed with acid!
You die...

#. #.#.# ##.#
#######)#.# ...
...[......# ...
#########.## #.#
##~~~.P###)# #.#
##.~....~##.#
#.####bl.....~~#.#
#.J.############.#
#.#@.............#
#.################
..# #P..~~~..~#
#### ##~.~...P##
##.~~..## #######
#.# ..#


You could see a jelly.

Vanquished Creatures
  An orc wizard (D:3)
  Robin (D:2)
  3 adders
  4 dart slugs
  4 orcs (D:3)
  5 ball pythons
  5 endoplasms
  2 giant cockroaches (D:3)
  17 goblins
  10 hobgoblins
  3 jackals (D:1)
  5 quokkas
  8 bats
  A frilled lizard (D:3)
  4 kobolds
  3 rats (D:1)
76 creatures vanquished.

Vanquished Creatures (others)
  5 fungi (D:4)
5 creatures vanquished.

Grand Total: 81 creatures vanquished

Notes
Turn   | Place    | Note
-------+----------+-------------------------------------------
     0 | D:1      | Leeroy the Merfolk Gladiator began the quest for the Orb.
     0 | D:1      | Reached XP level 1. HP: 16/16 MP: 1/1
    39 | D:1      | Reached skill level 4 in Long Blades
    60 | D:1      | Reached XP level 2. HP: 22/22 MP: 2/2
   368 | D:1      | Reached XP level 3. HP: 27/27 MP: 3/3
   568 | D:1      | Reached skill level 5 in Long Blades
  1417 | D:2      | Noticed Robin
  1430 | D:3      | Reached XP level 4. HP: 17/33 MP: 4/4
  1661 | D:3      | Reached skill level 6 in Long Blades
  2158 | D:3      | Reached XP level 5. HP: 19/38 MP: 5/5
  2867 | D:2      | Reached skill level 7 in Long Blades
  2879 | D:2      | Killed Robin
  3302 | D:4      | Splashed by a jelly's acid

Illustrated notes

Levels and vault maps discovered:
D:1:      dpeg_arrival_refuge, layout_basic
D:2:      mumra_celtic_spiral_tile, layout_loops_ring, uniq_robin
D:3:      layout_basic
D:4:      layout_loops_ring, kennysheep_slug_shrine, serial_aquarium,
          aquarium_bridge_square [aquarium_subvault_bridge,
          aquarium_subvault_window, aquarium_subvault_bridge,
          aquarium_subvault_window], aquarium_window_fake, aquarium_window_fake,
          aquarium_window_1, aquarium_window_corridor_3, aquarium_view_2c,
          aquarium_balcony_double_2, aquarium_pool_1, kennysheep_generic_room_15

Skill      XL: |  1  2  3  4  5 |
---------------+----------------+-----
Long Blades    | 4 5 6 7 |  7.1
Fighting       | |  2.1
Throwing       | |  2.0
Dodging        | |  4.0

Action                   |  1- 3 |  4- 6 || total
-------------------------+-------+-------++-------
Melee: Long sword        |    95 |   106 ||   201
  Use: Potion            |       |     1 ||     1
 Stab: Sleeping          |     1 |     2 ||     3
Armor: Leather armour    |    27 |    36 ||    63
Dodge: Dodged            |    71 |    71 ||   142

Table legend: (Time is in decaauts)
 A = Elapsed time spent in this place.
 B = Non-inter-level travel time spent in this place.
 C = Inter-level travel time spent in this place.
 D = Time resting spent in this place.
 E = Time spent auto-exploring this place.
 F = Levels seen in this place.
 G = Mean time per level.
                   A        B        C        D        E       F      G
               +--------+--------+--------+--------+--------+-----+--------+
         Total |   3324 |   3064 |    260 |      0 |   2555 |   4 |  831.0 |
       Dungeon |   3324 |   3064 |    260 |      0 |   2555 |   4 |  831.0 |
               +--------+--------+--------+--------+--------+-----+--------+

Top non-repeatable levels by time:
     D:3: 1133 daAuts
     D:2: 1116 daAuts
     D:1: 1034 daAuts
     D:4: 40 daAuts
